 Dungeon Crawl Stone Soup version 0.24.0-123-gd5b16e6ec5 (webtiles) character file.

Game seed: 11017013067292694115, levelgen mode: deterministic

14496 kingfisher the Cleaver (level 12, -11/84 HPs)
             Began as an Octopode Wanderer on Jan 4, 2020.
             Was a Believer of Uskayaw.
             Mangled by a cyan ugly thing (16 damage)
             ... on level 11 of the Dungeon.
             The game lasted 00:36:20 (17018 turns).

kingfisher the Cleaver (Octopode Wanderer)         Turns: 17018, Time: 00:36:21

Health: -11/84     AC:  1    Str: 15    XL:     12   Next: 17%
Magic:  15/15      EV: 17    Int: 15    God:    Uskayaw [**....]
Gold:   547        SH: 16    Dex: 20    Spells: 10/13 levels left

rFire    . . .     SeeInvis .   v - +5 broad axe
rCold    + + .     Gourm    .   b - +5 shield
rNeg     . . .     Faith    .   (helmet restricted)
rPois    .         Spirit   .   n - amulet of regeneration
rElec    .         Reflect  .   B - ring of protection from cold
rCorr    .         Harm     .   m - ring of flight
MR       .....                  J - ring of wizardry
Stlth    ++++......             d - ring of protection from cold
HPRegen  0.64/turn              p - +3 ring of dexterity
MPRegen  0.14/turn              R - ring of wizardry
                                S - +5 ring of dexterity
                                (no ring)

@: no status effects
A: almost no armour, stealthy swim, amphibious, 8 rings, constrict 8, camouflage
1, gelatinous body 1
a: Stomp, Line Pass, Renounce Religion, Evoke Flight


You were on level 11 of the Dungeon.
You worshipped Uskayaw.
Uskayaw was noncommittal.
You were very hungry.

You visited 1 branch of the dungeon, and saw 11 of its levels.
You also visited: Bailey.

You collected 547 gold pieces.

Inventory:

Hand Weapons
 c - the +0 trident "Benworis" {freeze, MR+ Int+4}
   (You took it off an orc on level 9 of the Dungeon)

   It has been specially enchanted to freeze those struck by it, causing extra
   injury to most foes and up to half again as much damage against particularly
   susceptible opponents.
   It can also slow down cold-blooded creatures.
   It affects your intelligence (+4).
   It affects your resistance to hostile enchantments.
 v - a +5 broad axe (weapon)
 M - a +3 flail of holy wrath
Missiles
 N - 6 throwing nets {!f}
 T - 7 javelins (quivered)
Armour
 b - a +5 shield (worn)
Magical Staves
 P - an uncursed staff of poison
Jewellery
 d - a ring of protection from cold (on tentacle)
 m - a ring of flight (right tentacle)
 n - an amulet of regeneration (around mantle)
 p - a +3 ring of dexterity (on tentacle)
 B - a ring of protection from cold (left tentacle)
 E - an uncursed amulet of the acrobat
 J - a ring of wizardry (on tentacle)
 R - a ring of wizardry (on tentacle)
 S - a +5 ring of dexterity (on tentacle)
Wands
 r - a wand of digging (4)
 x - a wand of polymorph (9)
 y - a wand of random effects (16)
 C - a wand of enslavement (8)
Scrolls
 e - 2 scrolls of amnesia
 i - 4 scrolls of blinking
 k - 6 scrolls of remove curse {@r2}
 o - 3 scrolls of enchant armour
 t - a scroll of fog
 u - 7 scrolls of teleportation {@r3}
 G - 2 scrolls of fear
 I - 2 scrolls of acquirement {unknown}
 W - a scroll of vulnerability {unknown}
Potions
 a - a potion of haste
 h - 2 potions of brilliance {unknown}
 j - a potion of agility
 l - 4 potions of mutation
 q - 2 potions of flight {unknown}
 s - 5 potions of curing {@q1}
 w - 3 potions of heal wounds
 z - 3 potions of degeneration {unknown}
 D - a potion of lignification {unknown}
 H - 2 potions of magic {unknown}
 K - a potion of might
Miscellaneous
 Q - a fan of gales
Comestibles
 f - 24 rations


   Skills:
 + Level 8.4 Fighting
 * Level 12.6(12.7) Axes
 - Level 3.0(8.8) Polearms
 + Level 7.6 Dodging
 - Level 2.6 Stealth
 - Level 7.0 Shields
 - Level 1.0 Spellcasting
   Level 2.0 Transmutations
 - Level 4.6 Invocations
 - Level 3.8 Evocations


You had 10 spell levels left.
You knew the following spells:

 Your Spells              Type           Power        Failure   Level  Hunger
a - Dazzling Spray        Conj/Hex       #.....       45%         3    ####...

Your spell library contained the following spells:

 Spells                   Type           Power        Failure   Level  Hunger
 Beastly Appendage        Tmut           #.....       9%          1    ##.....
 Magic Dart               Conj           #...         17%         1    ##.....
 Searing Ray              Conj           #.....       26%         2    ###....
 Ignite Poison            Fire/Tmut/Pois #.......     36%         3    ####...
 Force Lance              Conj/Tloc      #.......     82%         4    #####..
 Fulminant Prism          Conj/Hex       #.........   82%         4    #####..
 Iskenderun's Mystic Bla  Conj           #.......     82%         4    #####..


Dungeon Overview and Level Annotations

Branches:
Dungeon (11/15)            Temple (0/1) D:5            Lair (0/6) D:11
 Bailey (visited)
    Orc: D:9-12

Altars:
Cheibriados
Elyvilon
Kikubaaqudgha
Makhleb
Okawaru
Sif Muna
Uskayaw

Annotations:
D:8 3 runed translucent doors


Innate Abilities, Weirdness & Mutations

You cannot wear most types of armour.
You are very stealthy in the water. (Stealth+)
You are amphibious.
You can wear up to eight rings at the same time.
You can use your tentacles to constrict eight enemies at once.
Your skin changes colour to match your surroundings (Stealth+).
Your rubbery body absorbs attacks. (AC +1, EV +1)


Message History

You constrict the cyan ugly thing, but do no damage.
The cyan ugly thing pecks you! The cyan ugly thing shocks you!
You slash the cyan ugly thing! You constrict the cyan ugly thing.
The cyan ugly thing closely misses you.
You slice the cyan ugly thing!! You constrict the cyan ugly thing.
You block the cyan ugly thing's attack.
You can now pass through a line of other dancers.
You hit the cyan ugly thing. You constrict the cyan ugly thing.
You block the cyan ugly thing's attack.
You hit the cyan ugly thing but do no damage.
You constrict the cyan ugly thing. You block the cyan ugly thing's attack.
You hit the cyan ugly thing. You constrict the cyan ugly thing.
The cyan ugly thing pecks you! The cyan ugly thing shocks you!
You hit the cyan ugly thing. You constrict the cyan ugly thing.
The cyan ugly thing pecks you!
* * * LOW HITPOINT WARNING * * *
The cyan ugly thing shocks you!
* * * LOW HITPOINT WARNING * * *
The cyan ugly thing pecks you!
You die...

#.......#...#...........#
#...#####...#...........#
#... #...............#
#.......#...............#
......#...............#
.....#...............#
....#...............#
#...#...............#
#...#..@.#######....#
#...#.u..#.....#....#
#...#r...#.....#....#
#...'....'.....#....#
#...#....#.....#....#
P......#....#.....#....#
...P..#'#################
P.PP...#.. PP.....#...


You could see a cyan ugly thing and a porcupine.

Vanquished Creatures
  Harold (D:9)
  A centaur warrior (D:9)
  3 two-headed ogres
  An unseen horror (D:9)
  2 cyclopes
  Maurice (D:11)
  Psyche (D:9)
  2 centaur skeletons
  5 hippogriffs
  A wraith (D:11)
  A shadow (D:11)
  2 wyverns (D:9)
  A vampire (D:11)
  6 yaks
  3 vampire mosquitoes (D:11)
  Edmund (D:6)
  2 water moccasins
  2 porcupines (D:11)
  4 orc warriors
  4 ice beasts
  4 sky beasts
  A black bear (D:10)
  4 centaurs
  6 ogres
  A necrophage (D:9)
  A crocodile (D:11)
  12 bullfrogs
  A big kobold (D:9)
  3 scorpions
  4 killer bees
  10 wights
  5 howler monkeys
  4 crimson imps
  2 bullfrog zombies
  2 centaur zombies
  A quasit (D:10)
  A gnoll shaman (D:5)
  A jelly (D:8)
  5 orc priests
  4 hounds
  Crazy Yiuf (D:2)
  11 orc wizards
  4 worker ants
  2 hound zombies
  A hound skeleton (D:5)
  A howler monkey zombie (D:7)
  A howler monkey skeleton (D:9)
  16 gnolls
  11 adders
  5 shadow imps
  An ooze (D:2)
  An adder zombie (D:5)
  3 adder skeletons
  3 worms
  4 dart slugs
  9 leopard geckos
  45 orcs
  10 bats
  3 giant cockroaches
  7 goblins
  9 hobgoblins (Bailey)
  7 jackals
  20 kobolds
  4 quokkas
  3 ball pythons
  A ball python skeleton (D:2)
  4 frilled lizards
  A leopard gecko skeleton (D:5)
  5 rats
309 creatures vanquished.

Vanquished Creatures (others)
  An acid dragon (D:9)
  18 fungi (D:11)
  4 plants (D:11)
23 creatures vanquished.

Grand Total: 332 creatures vanquished

Notes
Turn   | Place    | Note
-------+----------+-------------------------------------------
     0 | D:1      | kingfisher the Octopode Wanderer began the quest for the
                  | Orb.
     0 | D:1      | kingfisher set off with the following items: a +0 spear, a
                  | +0 shield, a +0 dagger, a ration; and the following spell
                  | memorised: Beastly Appendage; and the following spells
                  | available to memorise: Ignite Poison
     0 | D:1      | Reached XP level 1. HP: 13/13 MP: 2/2
    88 | D:1      | Reached XP level 2. HP: 13/18 MP: 3/3
   299 | D:1      | Reached skill level 1 in Dodging
  1074 | D:2      | Reached XP level 3. HP: 24/24 MP: 4/4
  1297 | D:2      | Found a runed translucent door.
  1298 | D:2      | Noticed Crazy Yiuf
  1438 | D:2      | Reached XP level 4. HP: 27/29 MP: 5/5
  2288 | D:3      | Found an ancient bone altar of Kikubaaqudgha.
  2466 | D:3      | Found a snail-covered altar of Cheibriados.
  2736 | D:3      | Reached XP level 5. HP: 29/35 MP: 6/6
  3261 | D:4      | Noticed an ogre
  3391 | D:4      | Noticed a sky beast
  4113 | D:4      | Found a hide-covered altar of Uskayaw.
  4598 | D:4      | Became a worshipper of Uskayaw the Reveler
  4657 | D:5      | Entered Level 5 of the Dungeon
  4661 | D:5      | Reached * piety under Uskayaw
  4686 | D:4      | Reached XP level 6. HP: 29/42 MP: 7/7
  4686 | D:4      | Reached ** piety under Uskayaw
  4786 | D:5      | Found a glowing drain.
  4845 | D:5      | Reached *** piety under Uskayaw
  4948 | D:5      | Noticed an ice beast
  4979 | D:5      | Found a staircase to the Ecumenical Temple.
  5459 | D:5      | Reached skill level 1 in Invocations
  5661 | D:5      | Reached XP level 7. HP: 47/48 MP: 8/8
  6159 | D:5      | Reached **** piety under Uskayaw
  6511 | D:5      | Noticed a two-headed ogre
  6596 | D:5      | Reached skill level 5 in Fighting
  7050 | D:4      | Reached XP level 8. HP: 30/56 MP: 4/10
  7242 | D:4      | Found a hide-covered altar of Uskayaw.
  8225 | D:6      | Noticed Edmund
  8239 | D:6      | Killed Edmund
  8306 | D:6      | Reached skill level 5 in Shields
  9024 | D:7      | Reached skill level 1 in Evocations
  9043 | D:7      | Reached skill level 5 in Dodging
  9083 | D:7      | Noticed a hippogriff
  9088 | D:7      | Killed a hippogriff
  9088 | D:7      | Reached XP level 9. HP: 64/64 MP: 12/12
  9114 | D:7      | Found a flagged portal.
  9119 | Bailey   | Entered a bailey
 10146 | D:7      | Found an iron altar of Okawaru.
 10297 | D:7      | Reached skill level 1 in Axes
 10447 | D:7      | Reached ***** piety under Uskayaw
 10553 | D:8      | Reached skill level 2 in Axes
 10573 | D:8      | Noticed a cyclops
 10720 | D:2      | Killed Crazy Yiuf
 11096 | D:8      | Reached skill level 3 in Axes
 11193 | D:8      | Noticed a cyan ugly thing
 11194 | D:8      | Found a runed translucent gate.
 11194 | D:8      | Found a runed translucent gate.
 11194 | D:8      | Noticed a purple ugly thing
 11195 | D:8      | Found a runed translucent gate.
 11195 | D:8      | Noticed a white ugly thing
 11195 | D:8      | Noticed a brown ugly thing
 11268 | D:8      | Reached XP level 10. HP: 72/72 MP: 13/13
 11450 | D:8      | Reached skill level 4 in Axes
 11820 | D:9      | Noticed a two-headed ogre
 11824 | D:9      | Killed a two-headed ogre
 11824 | D:9      | Reached skill level 5 in Axes
 11880 | D:9      | Noticed a centaur warrior
 11880 | D:9      | Noticed Psyche
 11880 | D:9      | Identified the cursed +0 trident "Benworis" {freeze, MR+
                  | Int+4}
 12195 | D:9      | Killed Psyche
 12195 | D:9      | Reached skill level 6 in Axes
 12314 | D:9      | Killed a centaur warrior
 12314 | D:9      | Reached skill level 7 in Axes
 12397 | D:9      | Found a shimmering blue altar of Sif Muna.
 12568 | D:9      | Found a burning altar of Makhleb.
 12719 | D:9      | Reached skill level 8 in Axes
 12786 | D:9      | Noticed a two-headed ogre
 12807 | D:9      | Killed a two-headed ogre
 12807 | D:9      | Reached skill level 9 in Axes
 12807 | D:9      | Reached XP level 11. HP: 37/76 MP: 9/14
 12886 | D:9      | Noticed Harold
 13797 | D:9      | Learned a level 3 spell: Dazzling Spray
 13834 | D:9      | Killed an unseen horror
 14026 | D:9      | Killed Harold
 14026 | D:9      | Reached skill level 10 in Axes
 14118 | D:8      | Killed a cyclops
 14197 | D:8      | Found a white marble altar of Elyvilon.
 14506 | D:5      | Killed a two-headed ogre
 14511 | D:5      | Reached skill level 11 in Axes
 14610 | D:10     | Entered Level 10 of the Dungeon
 15496 | D:11     | Noticed a cyclops
 15594 | D:11     | Killed a cyclops
 15594 | D:11     | Reached skill level 12 in Axes
 15876 | D:11     | Found Fuwul's General Store.
 16108 | D:11     | Noticed Maurice
 16128 | D:11     | Killed Maurice
 16150 | D:11     | Reached XP level 12. HP: 82/82 MP: 15/15
 16158 | D:11     | Found a staircase to the Lair.
 16158 | D:11     | Noticed a five-headed hydra
 17018 | D:11     | Mangled by a cyan ugly thing

Levels and vault maps discovered:
D:1:      erik_arrival_triangle_medium, layout_basic
D:2:      layout_loops_ring, first_ration, chequers_serial_rivers_small_a,
          uniq_crazy_yiuf_cottage
D:3:      layout_loops_ring, lemuel_zombie_altar_kikubaaqudgha,
          lemuel_doored_altar, chequers_hall_statues_corner_a,
          wad_floor_pattern_untrapped, chequers_serial_rivers_large_a
D:4:      layout_loops_corners, overflow_temple_1_default
D:5:      layout_basic, temple_hall, cheibrodos_sewer_entry_sluice
D:6:      layout_gridville, uniq_edmund
D:7:      layout_basic, lemuel_crystal_altar, enter_bailey_3, grunt_ogre_cave
D:8:      layout_cave_pools, lemuel_coloured_pillars_altar,
          ploomutoo_gammafunk_ghost_potion_laboratory
D:9:      minmay_the_grid_square_5x5_3x3
          [minmay_the_grid_square_5x5_beaten_path,
          minmay_the_grid_square_5x5_shrine1,
          minmay_the_grid_square_5x5_checkered_statues,
          minmay_the_grid_square_5x5_corner,
          minmay_the_grid_square_5x5_megaprize_diamond,
          minmay_the_grid_square_5x5_two,
          minmay_the_grid_square_5x5_two_walls_b,
          minmay_the_grid_square_5x5_bite, minmay_the_grid_square_5x5_tie],
          layout_loops_corners, bloody_makhleb, chequers_serial_rivers_marsh,
          chequers_serial_rivers_marsh, minmay_fractal_squares_gapless_7,
          uniq_harold, uniq_psyche
D:10:     layout_basic
D:11:     layout_grid_maze, due_lair_maze_entry_diamond, serial_shops,
          shop_statue, lightli_orcish_oven, uniq_maurice

Skill      XL: |  1  2  3  4  5  6  7  8  9 10 11 |
---------------+----------------------------------+-----
Dodging        | 1 2 3 4 5 6 7 |  7.6
Fighting       | 2 3 4 5 7 8 |  8.4
Shields        | 2 3 4 5 6 7 |  7.0
Invocations    | 1 2 4 |  4.6
Evocations     | 1 3 |  3.8
Axes           | 3 9 12 | 12.6
Polearms       | |  3.0
Stealth        | |  2.6
Spellcasting   | |  1.0
Transmutations | |  2.0

Action                   |  1- 3 |  4- 6 |  7- 9 | 10-12 || total
-------------------------+-------+-------+-------+-------++-------
Melee: Spear             |    82 |   197 |     4 |       ||   283
       Constrict         |    18 |    44 |    63 |    59 ||   184
       Tentacles         |     9 |    36 |    58 |    95 ||   198
       Trident           |       |       |   374 |    73 ||   447
       Broad axe         |       |       |       |   299 ||   299
       Flail             |       |       |       |     4 ||     4
Throw: Stone             |       |       |     1 |       ||     1
       Boomerang         |       |       |     6 |       ||     6
       Javelin           |       |       |       |     7 ||     7
Invok: Line Pass         |       |       |     1 |     3 ||     4
Evoke: Wand              |       |       |    14 |    11 ||    25
  Use: Scroll            |       |     4 |    15 |    10 ||    29
       Potion            |       |     2 |     5 |     6 ||    13
 Stab: Sleeping          |    11 |     5 |     7 |    12 ||    35
       Distracted        |       |     3 |     1 |     2 ||     6
       Paralysed         |       |       |    14 |    11 ||    25
       Betrayed ally     |       |       |     1 |       ||     1
       Confused          |       |       |       |     4 ||     4
  Eat: Chunk             |     2 |    13 |    15 |    15 ||    45
       Ration            |       |       |     1 |     1 ||     2
Armor: Skin              |     8 |    11 |     5 |     8 ||    32
Dodge: Dodged            |    17 |    65 |   128 |   144 ||   354
Block: Shield            |    25 |    67 |   233 |   262 ||   587
